 Dungeon Crawl Stone Soup version 0.31-a0-728-g01b46875f1 (webtiles) character file.

Game seed: 8348860268578478372

21094 Newt the Fighter (level 12, -24/81 HPs)
             Began as a Gargoyle Fighter on Sept 11, 2023.
             Was a High Priest of Makhleb.
             Killed from afar by Jorgrun (40 damage)
             ... with an entropic shot
             ... on level 14 of the Dungeon.
             The game lasted 00:17:31 (17014 turns).

Newt the Fighter (Gargoyle Fighter)                Turns: 17014, Time: 00:17:32

Health: -24/81     AC: 24    Str: 24    XL:     12   Next: 86%
Magic:  0/17       EV: 16    Int: 19    God:    Makhleb [*****.]
Gold:   429        SH:  6    Dex: 12    Spells: 11/11 levels left

rFire   + . .        D - +3 mace
rCold   + + +        c - +1 buckler
rNeg    + . .        z - +4 skin of Zhor {*Englaciate rC+++ SInv}
rPois   ∞            o - +2 hat
rElec   +            P - +0 cloak {Will+}
rCorr   .            Y - +2 pair of gloves
SInv    +            H - +0 pair of boots
Will    .....        w - amulet of guardian spirit
Stlth   +            n - ring of Yxuh {rF+ Will- Int+9 Dex+3}
HPRegen 0.33/turn    y - +5 ring of evasion
MPRegen 0.15/turn

%: guardian spirit
@: on berserk cooldown, hasted and slowed
A: sickness immunity, AC +8, negative energy resistance 1, electricity
resistance, torment resistance 1, petrification resistance
a: Renounce Religion, Minor Destruction, Lesser Servant of Makhleb, Major
Destruction, Greater Servant of Makhleb


You were on level 14 of the Dungeon.
You worshipped Makhleb.
Makhleb was extremely pleased with you.
You visited 1 branch of the dungeon, and saw 14 of its levels.

You collected 1255 gold pieces.
You spent 826 gold pieces at shops.

Inventory:

Hand Weapons
 a - a +0 flail
 D - a +3 mace (weapon)
 F - a +1 whip of electrocution
Missiles
 h - 34 poisoned darts
 m - 6 boomerangs (quivered)
 X - a throwing net
Armour
 b - a +0 scale mail
 c - a +1 buckler (worn)
 g - a +0 cloak
 o - a +2 hat (worn)
 z - the +4 skin of Zhor (worn) {*Englaciate rC+++ SInv}
   (You found it on level 7 of the Dungeon)

   *Englaciate: It radiates cold, occasionally slowing all nearby creatures who
   are not resistant to cold.
   rC+++:     It renders you almost immune to cold.
   SInv:      It lets you see invisible.
 H - a +0 pair of boots (worn)
 P - a +0 cloak of willpower (worn)
 V - a +0 chain mail of cold resistance
 Y - a +2 pair of gloves (worn)
Jewellery
 d - a ring of ice
 j - a +6 ring of dexterity
 n - the ring of Yxuh (left hand) {rF+ Will- Int+9 Dex+3}
   (You found it on level 3 of the Dungeon)

   [ring of protection from fire]

   Int+9:     It affects your intelligence (+9).
   Dex+3:     It affects your dexterity (+3).
   rF+:       It protects you from fire.
   Will-:     It decreases your willpower.
 w - an amulet of guardian spirit (around neck)
 y - a +5 ring of evasion (right hand)
 T - a ring of ice
Wands
 f - a wand of flame (42)
 r - a wand of paralysis (7)
 C - a wand of mindburst (9)
Scrolls
 e - 3 scrolls of revelation
 i - 2 scrolls of torment
 k - 2 scrolls of enchant weapon
 l - 2 scrolls of amnesia
 p - a scroll of vulnerability
 x - a scroll of poison
 E - 2 scrolls of enchant armour
 J - a scroll of blinking
 L - a scroll of butterflies
 M - 2 scrolls of fog
 N - a scroll of fear
 Q - 2 scrolls of immolation
 R - a scroll of noise {unknown}
 W - a scroll of teleportation
Potions
 q - 2 potions of mutation
 s - 3 potions of degeneration
 u - 7 potions of enlightenment
 v - a potion of lignification
 A - 5 potions of berserk rage
 B - a potion of attraction
 G - 2 potions of ambrosia
 I - a potion of cancellation
 K - a potion of magic
 O - 3 potions of heal wounds
 S - a potion of resistance {unknown}
 U - 2 potions of curing


   Skills:
 - Level 12.0 Fighting
 - Level 9.0 Maces & Flails
 - Level 12.0 Armour
 - Level 6.0 Shields
 + Level 6.6 Invocations
 - Level 9.0 Evocations


You had 11 spell levels left.
You didn't know any spells.
Your spell library contained the following spells:

 Spells                   Type           Power      Damage    Failure   Level
 Kiss of Death            Conj/Necr      0%         2d5       24%         1
 Magic Dart               Conj           0%         1d3       24%         1
 Shock                    Conj/Air       0%         1d3       24%         1
 Ensorcelled Hibernation  Hex/Ice        0%         N/A       34%         2
 Passwall                 Tmut/Erth      0%         N/A       34%         2
 Static Discharge         Conj/Air       0%         2-2/arc   34%         2
 Swiftness                Air            0%         N/A       56%         3
 Volatile Blastmotes      Fire/Tloc      0%         2d10      56%         3
 Airstrike                Air            0%         2d(0-16)  93%         4
 Fulminant Prism          Conj/Hex       0%         3d5       93%         4
 Iskenderun's Mystic Bla  Conj/Tloc      0%         2d3       93%         4
 Summon Lightning Spire   Summ/Air       0%         N/A       93%         4
 Fireball                 Conj/Fire      0%         3d3       100%        5
 Chain Lightning          Conj/Air       0%         N/A       100%        9


Dungeon Overview and Level Annotations

Branches:
Dungeon (14/15)            Temple (0/1) D:5            Lair (0/5) D:10
    Orc (0/2) D:11         Vaults (0/5) D:13

Altars:
Ashenzari
Cheibriados
Dithmenos
Fedhas
Hepliaklqana
Makhleb
Nemelex Xobeh
Qazlal
Ru
Trog
Vehumet
Xom
The Shining One

Shops:
D:4 !=(   D:5 *   D:8 :   D:9 [   D:10 :

Annotations:
D:14 Jorgrun


Innate Abilities, Weirdness & Mutations

You are immune to sickness and miasma.
Your stone body is resilient. (AC +8)
You are immune to poison.
You resist negative energy. (rN+)
You are resistant to electric shocks. (rElec)
You are resistant to unholy torment.
You are immune to petrification.


Message History

You feel yourself speed up.
You radiate an aura of cold.
Jorgrun seems to slow down.
Jorgrun gestures at you while chanting. You block the entropic shot.
Jorgrun closely misses you.
Read: scroll of poison
Press: ? - help, Dir - look around, f - activate
Okay, then.
Throw: 3 throwing nets
Press: ? - help, Shift-Dir - straight line, f - Jorgrun
Aim: Jorgrun, wielding a +0 heavy quarterstaff and wearing a +2 robe of positive energy (severely wounded, slow, 44% to hit)
You throw a throwing net.
The throwing net closely misses Jorgrun.
Unknown command.
Throw: 2 throwing nets
Press: ? - help, Shift-Dir - straight line, f/p - Jorgrun
Aim: Jorgrun, wielding a +0 heavy quarterstaff and wearing a +2 robe of positive energy (severely wounded, slow, 44% to hit)
You throw a throwing net. The throwing net hits Jorgrun.
Jorgrun is caught in the net!
Jorgrun is severely wounded.
You radiate an aura of cold.
Jorgrun resists.
You sock Jorgrun!
Jorgrun is almost dead.
Jorgrun says, "A few more walls knocked out 'ere an' thar an' 'tis whole place will come crashin' down."
Jorgrun gestures at you while chanting. The entropic shot hits you!!
* * * LOW HITPOINT WARNING * * *
Jorgrun struggles against the net.
You barely miss Jorgrun.
Jorgrun is almost dead.
Jorgrun is no longer moving slowly.
Unknown command.
You hit Jorgrun.
Jorgrun is almost dead.
Jorgrun struggles against the net.
Unknown command.
You hit Jorgrun but do no damage.
Jorgrun is almost dead.
Jorgrun points at you and mumbles some strange words.
The entropic shot hits you!!!
You die...

## ....######### ..(.....g@...##
### ##..#.#.#.#.#.#.## #..
#####.................# #..
......#.#.#.#.#.#.#.#.#########..
.....##..........................
##...#.#.#.#.#.#.#.#.#..########.
.#...#..................# #.
.#....#.#.#.#.#.#.#.#.#.# #.
.#......................# #.


You could see Jorgrun (caught).

Vanquished Creatures
  Fannar (D:10)
  A centaur warrior (D:14)
  A boulder beetle (D:11)
  4 two-headed ogres (D:12)
  A tengu warrior (D:13)
  Pikel (D:5)
  A harpy (shapeshifter) (D:13)
  3 cyclopes
  2 ugly things
  A manticore (D:11)
  A salamander (shapeshifter) (D:14)
  An unseen horror (D:11)
  Maggie (D:7)
  3 rime drakes (D:7)
  A komodo dragon (D:12)
  An efreet (D:14)
  Grinder (D:3)
  A troll (shapeshifter) (D:13)
  3 trolls
  A hornet (D:5)
  Prince Ribbit (D:7)
  5 slime creatures (D:12)
  11 yaks
  A vampire (D:10)
  3 shadows
  A wraith (D:14)
  Eustachio (D:5)
  A basilisk (D:14)
  A wyvern (D:9)
  A steam dragon (D:7)
  7 vampire mosquitoes
  An acid dragon (D:12)
  2 wargs (D:10)
  A water moccasin (D:6)
  5 orc warriors
  An ice beast (D:6)
  A sky beast (D:7)
  A black bear (D:8)
  An ogre (D:5)
  4 centaurs
  2 phantoms
  Blork the orc (D:5)
  4 kobold brigands
  6 bullfrogs
  4 scorpions
  9 wights
  13 killer bees
  A howler monkey (D:6)
  5 orc priests
  5 hounds
  4 jellies
  2 gnoll boudas
  Jessica (D:2)
  3 sleepcaps
  Terence (D:2)
  An iguana (D:6)
  18 orc wizards
  3 gnolls (D:9)
  8 adders
  A shadow imp (D:6)
  2 white imps
  3 ufetubi (D:5)
  2 worms
  2 dart slugs (D:1)
  26 orcs
  5 endoplasms
  2 giant cockroaches
  9 goblins
  8 hobgoblins
  6 jackals
  2 quokkas (D:4)
  4 ball pythons
  3 bats
  3 frilled lizards
  28 kobolds
  3 rats
280 creatures vanquished.

Vanquished Creatures (others)
  A wizard (D:5)
1 creature vanquished.

Grand Total: 281 creatures vanquished

Notes
Turn   | Place    | Note
-------+----------+-------------------------------------------
     0 | D:1      | Newt the Gargoyle Fighter began the quest for the Orb.
     0 | D:1      | Reached XP level 1. HP: 14/14 MP: 1/1
   212 | D:1      | Reached XP level 2. HP: 20/20 MP: 2/2
   629 | D:1      | Reached XP level 3. HP: 24/24 MP: 3/3
   771 | D:2      | Noticed Jessica
   784 | D:2      | Killed Jessica
   785 | D:2      | Reached skill level 5 in Fighting
   785 | D:2      | Reached XP level 4. HP: 31/31 MP: 4/4
   952 | D:2      | Identified a scroll of acquirement
   952 | D:2      | Acquired 486 gold pieces
  1189 | D:2      | Noticed Terence
  1208 | D:2      | Killed Terence
  1466 | D:2      | Got Wojath's Almanac of Striking
  1656 | D:3      | Found a blossoming altar of Fedhas.
  1674 | D:3      | Identified the ring of Yxuh {rF+ Will- Int+9 Dex+3}
  1686 | D:3      | Noticed Grinder
  1704 | D:3      | Paralysed by Grinder for 3 turns
  1709 | D:3      | Paralysed by Grinder for 2 turns
  1713 | D:3      | Killed Grinder
  1714 | D:3      | Reached skill level 5 in Maces & Flails
  1714 | D:3      | Reached XP level 5. HP: 5/35 MP: 5/5
  1714 | D:3      | Reached XP level 6. HP: 6/40 MP: 6/6
  1953 | D:3      | Found a faded altar of an unknown god.
  1965 | D:3      | Prayed at the altar of an unknown god.
  1965 | D:3      | Became a worshipper of Makhleb the Destroyer
  1965 | D:3      | Reached * piety under Makhleb
  2318 | D:3      | You fall into a shaft and drop 1 floor!
  2318 | D:4      | Found Kauhoatwatamp's Weapon Shop.
  3051 | D:4      | Found Neshoc's Jewellery Shop.
  3059 | D:4      | Bought an amulet of guardian spirit for 330 gold pieces
  3182 | D:4      | Found a shimmering altar of Xom.
  3182 | D:4      | Found a shadowy altar of Dithmenos.
  3198 | D:4      | Found Itwyxui's Distillery.
  3204 | D:4      | Bought a potion of curing for 36 gold pieces
  3204 | D:4      | Bought a potion of heal wounds for 60 gold pieces
  3204 | D:4      | Bought a potion of degeneration for 12 gold pieces
  3204 | D:4      | Bought a potion of berserk rage for 60 gold pieces
  3204 | D:4      | Bought a potion of attraction for 36 gold pieces
  3204 | D:4      | Bought a potion of enlightenment for 60 gold pieces
  3312 | D:4      | Reached skill level 5 in Armour
  3414 | D:4      | Reached XP level 7. HP: 34/44 MP: 5/7
  3772 | D:5      | Entered Level 5 of the Dungeon
  3787 | D:5      | Found a broken altar of Ashenzari.
  3950 | D:5      | Reached ** piety under Makhleb
  4108 | D:5      | Found Egridihu's Elemental Accessories.
  4294 | D:5      | Reached XP level 8. HP: 54/54 MP: 8/8
  4303 | D:5      | Reached skill level 1 in Evocations
  4429 | D:5      | Noticed Blork the orc
  4430 | D:5      | Found a staircase to the Ecumenical Temple.
  4449 | D:5      | Noticed a hornet
  4454 | D:5      | HP: 2/54 [Blork the orc/puff of frost (11)]
  4458 | D:5      | Killed Blork the orc
  4467 | D:5      | Killed a hornet
  4468 | D:5      | Reached skill level 5 in Evocations
  4689 | D:5      | Noticed Pikel
  4709 | D:5      | Killed Pikel
  4710 | D:5      | Reached XP level 9. HP: 59/59 MP: 6/9
  4805 | D:5      | Noticed Eustachio
  4808 | D:5      | Killed Eustachio
  4907 | D:5      | Found a bloodstained altar of Trog.
  4925 | D:5      | Noticed a wizard
  4931 | D:5      | Killed a wizard
  5494 | D:6      | Found a stormy altar of Qazlal.
  5560 | D:6      | Found a glowing golden altar of the Shining One.
  5966 | D:6      | Reached *** piety under Makhleb
  6345 | D:7      | Found a hazy altar of Hepliaklqana.
  6347 | D:7      | Noticed Prince Ribbit
  6395 | D:7      | Reached XP level 10. HP: 57/64 MP: 6/10
  6399 | D:7      | Killed Prince Ribbit
  6464 | D:7      | Found a snail-covered altar of Cheibriados.
  6616 | D:7      | Noticed Maggie
  6639 | D:7      | Killed Maggie
  7021 | D:7      | Reached **** piety under Makhleb
  7086 | D:7      | Found the +4 skin of Zhor {*Englaciate rC+++ SInv}
  7801 | D:8      | Found a sparkling altar of Nemelex Xobeh.
  7801 | D:8      | Found a radiant altar of Vehumet.
  8088 | D:8      | Found Esixal's Vocational Training.
  8200 | D:8      | Reached XP level 11. HP: 68/68 MP: 9/11
  9403 | D:9      | Found Zitabbye's Antique Armour Boutique.
  9411 | D:9      | Bought a runed cloak for 232 gold pieces
  9795 | D:9      | Found a sacrificial altar of Ru.
 10207 | D:10     | Entered Level 10 of the Dungeon
 10370 | D:10     | Found a staircase to the Lair.
 10722 | D:10     | Found Quho's Book Shoppe.
 10778 | D:10     | Noticed Fannar
 10780 | D:10     | Noticed a cyclops
 10801 | D:10     | Killed Fannar
 10810 | D:10     | Killed a cyclops
 10847 | D:10     | Reached ***** piety under Makhleb
 11398 | D:11     | Identified the +1 hand axe "Loussesm" {freeze, *Noise Int+2
                  | Stlth+}
 11446 | D:11     | Found a staircase to the Orcish Mines.
 11492 | D:11     | Reached skill level 10 in Fighting
 11675 | D:11     | Noticed a cyan ugly thing
 11695 | D:11     | Killed a cyan ugly thing
 11866 | D:11     | Noticed a boulder beetle
 11921 | D:11     | Killed a boulder beetle
 12350 | D:11     | Found a shadowy altar of Dithmenos.
 12465 | D:12     | Noticed a two-headed ogre
 12474 | D:12     | Killed a two-headed ogre
 12549 | D:12     | Noticed a cyclops
 12549 | D:12     | Noticed a manticore
 12795 | D:11     | Killed a manticore
 12796 | D:11     | Reached XP level 12. HP: 69/81 MP: 8/12
 13594 | D:12     | Identified the +1 trident "Hingus" {freeze, rC++ rCorr
                  | Int-3}
 13606 | D:12     | Noticed a two-headed ogre
 13616 | D:12     | Killed a two-headed ogre
 13617 | D:12     | Reached skill level 10 in Armour
 13926 | D:12     | Noticed a two-headed ogre
 13932 | D:12     | Killed a two-headed ogre
 14855 | D:12     | Noticed a two-headed ogre
 14871 | D:12     | Killed a two-headed ogre
 15034 | D:13     | Noticed a boulder beetle
 15205 | D:13     | Reached skill level 1 in Invocations
 15255 | D:13     | Found a gate to the Vaults.
 15258 | D:13     | a swamp dragon changed into a two-headed ogre
 15258 | D:13     | Noticed a two-headed ogre (glowing shapeshifter)
 15260 | D:13     | a two-headed ogre changed into a steelbarb worm
 15757 | D:13     | Noticed a tengu warrior
 15798 | D:13     | Killed a tengu warrior
 16087 | D:13     | Reached skill level 5 in Invocations
 16155 | D:13     | HP: 3/81 [titanic slime creature (78)]
 16697 | D:14     | Noticed a centaur warrior
 16716 | D:14     | Killed a centaur warrior
 16785 | D:14     | Identified the +5 mace of Trog's Esteem {flame, rN+ Str+3
                  | Int-3}
 16979 | D:14     | Noticed Jorgrun
 17014 | D:14     | Killed from afar by Jorgrun

Illustrated notes

Levels and vault maps discovered:
D:1:      dpeg_arrival_simpleton_c, layout_basic
D:2:      layout_basic, uniq_terence, uniq_jessica
D:3:      layout_loops_corners, fedhas_altar_3,
          chequers_ecumenical_altar_simple, uniq_grinder
D:4:      nicolae_cairo_tiling_very_big, layout_basic,
          nicolae_overflow_two_pavilions, serial_shops, shop_statue,
          nicolae_shop_temple_entry_statues_fountains,
          nicolae_shop_gibbet_a_chance, nrook_mini_vaults, wad_orctagon
D:5:      layout_basic, trog_wizard, mainiacjoe_overflow_brackets,
          minmay_temple_entry_overgrown, nicolae_elemental_shop,
          minmay_joined_circles, uniq_eustachio, uniq_pikel, uniq_blork_the_orc
D:6:      layout_basic, mainiacjoe_overflow_concentric_impassable,
          grunt_qazlal_sundering
D:7:      layout_rooms, mainiacjoe_overflow_cross_hatched, lemuel_doored_altar,
          hangedman_abyss_or_decor_jellyfish_corner,
          hellmonk_guarded_unrand_zhor, uniq_maggie, uniq_prince_ribbit1
D:8:      layout_basic, jmf_multi_god_temple, nicolae_shop_vocational
D:9:      layout_basic, hangedman_ru_absence, serial_shops, shop
D:10:     layout_basic, erik_lair_orcish_takeover, serial_shops, shop,
          uniq_fannar
D:11:     layout_roguey, orc_0_dummy, grunt_dithmenos_shadows
D:12:     layout_roguey, chequers_serial_rivers_room_a
D:13:     layout_loops_ring, david_vaults_2, drop_trap, uniq_snorg
D:14:     lemuel_castle_with_subvaults [lemuel_castle_interior_carwin_2],
          layout_irregular_city, hex_large, uniq_jorgrun, uniq_josephine

Skill      XL: |  1  2  3  4  5  6  7  8  9 10 11 12 |
---------------+-------------------------------------+-----
Fighting       | 4 5 8 12 | 12.0
Maces & Flails | 5 6 9 |  9.0
Armour         | 4 5 9 12 | 12.0
Evocations     | 5 7 9 |  9.0
Shields        | 6 |  6.0
Invocations    | 6 |  6.6

Action                     |  1- 3 |  4- 6 |  7- 9 | 10-12 || total
---------------------------+-------+-------+-------+-------++-------
  Melee: Flail             |    78 |   132 |   144 |       ||   354
         Mace              |       |       |   146 |  1084 ||  1230
         Whip              |       |       |    64 |       ||    64
  Throw: Boomerang         |       |     1 |       |    11 ||    12
         Throwing net      |       |       |       |     2 ||     2
  Evoke: Wand              |       |       |     6 |    15 ||    21
    Use: Scroll            |     2 |     1 |    11 |     9 ||    23
         Potion            |       |     4 |     1 |     7 ||    12
   Stab: Invisible         |       |     1 |       |       ||     1
         Paralysed         |       |       |     4 |       ||     4
         Confused          |       |       |       |     2 ||     2
         Sleeping          |       |       |       |     2 ||     2
 Armour: Scale mail        |    63 |    94 |   291 |    99 ||   547
         Animal skin       |       |       |       |   498 ||   498
  Dodge: Dodged            |    28 |    49 |   223 |   638 ||   938
  Block: Buckler           |    17 |    23 |    95 |   285 ||   420

Table legend: (Time is in decaauts)
 A = Elapsed time spent in this place.
 B = Non-inter-level travel time spent in this place.
 C = Inter-level travel time spent in this place.
 D = Time resting spent in this place.
 E = Time spent auto-exploring this place.
 F = Levels seen in this place.
 G = Mean time per level.
                   A        B        C        D        E       F      G
               +--------+--------+--------+--------+--------+-----+--------+
         Total |  17080 |  16384 |    696 |   5106 |   8291 |  14 | 1220.0 |
       Dungeon |  17080 |  16384 |    696 |   5106 |   8291 |  14 | 1220.0 |
               +--------+--------+--------+--------+--------+-----+--------+

Top non-repeatable levels by time:
    D:11: 2424 daAuts
    D:12: 1643 daAuts
     D:8: 1548 daAuts
     D:5: 1358 daAuts
     D:7: 1235 daAuts
     D:6: 1212 daAuts
    D:10: 1154 daAuts
     D:3: 1128 daAuts
     D:9: 1115 daAuts
     D:4: 1051 daAuts
     D:2: 912 daAuts
    D:14: 854 daAuts
     D:1: 733 daAuts
    D:13: 707 daAuts
